 Dungeon Crawl Stone Soup version 0.19-a0-1170-g18f0c96 (webtiles) character file.

3130 4thArraOfDagon the Carver (level 9, 0/93 HPs)
             Began as a Demigod Fighter on Aug 16, 2016.
             Killed by divine providence
             ... invoked by an orc priest
              (12 damage)
             ... on level 11 of the Dungeon.
             The game lasted 00:20:52 (3929 turns).

4thArraOfDagon the Carver (Demigod Fighter)         Turns: 3929, Time: 00:20:53

Health: 0/93       AC: 24    Str: 27    XL:     9   Next: 35%
Magic:  11/11      EV:  2    Int: 20    God:
Gold:   330        SH: 10    Dex: 15    Spells: 0 memorised, 8 levels left

rFire  . . .     SeeInvis .     k - +6 short sword of Chagrin {pain, +Inv Int+2}
rCold  . . .     Gourm    .     (armour currently unavailable)
rNeg   + + +     Faith    .     c - +0 shield
rPois  +         Spirit   .     (helmet currently unavailable)
rElec  .         Dismiss  .     (cloak currently unavailable)
rCorr  .         Reflect  .     (gloves currently unavailable)
MR     .....     Harm     .     (boots currently unavailable)
Stlth  +......... NoTele   +    (no amulet)
                                (no ring)
                                y - +3 ring of strength

@: mighty, tree-form
A: (deformed body), frail 1, high mp 1, mutation resistance 1
a: Evoke Invisibility


You were on level 11 of the Dungeon.
You were not hungry.
You were a tree.
You visited 1 branch of the dungeon, and saw 11 of its levels.

You collected 330 gold pieces.

Inventory:

Hand Weapons
 a - a +0 long sword
 k - the +6 short sword of Chagrin (weapon) {pain, +Inv Int+2}
   (You found it on level 4 of the Dungeon)

   In the hands of one skilled in necromantic magic, it inflicts extra damage on
   living creatures.
   It affects your intelligence (+2).
   It lets you turn invisible.
 H - a +3 long sword of slicing
Armour
 b - a +0 scale mail
 c - a +0 shield (worn)
 l - the +2 scale mail of Dishonour (melded) {Int+4 Stlth+}
   (You found it on level 6 of the Dungeon)

   It affects your intelligence (+4).
   It makes you more stealthy.
 r - a +0 ring mail
 B - a +0 ring mail
 E - a +0 pair of gloves
 I - a +0 cloak (melded)
 J - a +0 helmet (melded)
 M - the +1 pair of gloves of Foqiseth (melded) {Str+3 Dex+3}
   (You found it on level 9 of the Dungeon)

   It affects your strength (+3).
   It affects your dexterity (+3).
Jewellery
 y - a +3 ring of strength (left branch)
Wands
 j - a wand of polymorph (15/24)
 v - a wand of disintegration (17/24)
 w - a wand of flame (3/48)
 x - a wand of polymorph (0/24)
 z - a wand of paralysis (2/24)
 D - a wand of digging (0/24)
 F - a wand of iceblast (6/15)
 K - a wand of enslavement (14/24)
 P - a wand of iceblast (5/15)
Scrolls
 m - 2 scrolls of enchant weapon
 t - a scroll of remove curse
 u - 3 scrolls of teleportation
Potions
 d - 3 potions of might
 g - 3 potions of curing
 h - 3 potions of magic
 o - a potion of flight
 p - a potion of degeneration
 O - a potion of heal wounds {unknown}
 Q - a potion of invisibility {unknown}
Books
 i - a book of Enchantments

   Spells                             Type                      Level
   a - Cause Fear                     Hexes                        4
   b - Yara's Violent Unravelling     Hexes/Transmutation          5
   c - Silence                        Hexes/Air                    5
   d - Deflect Missiles               Charms/Air                   6
   e - Haste                          Charms                       6
   f - Discord                        Hexes                        8
Comestibles
 f - 7 bread rations
 q - 9 slices of pizza
 s - 4 chunks of flesh
 C - 3 meat rations
 G - 2 beef jerkies


   Skills:
 - Level 3.0 Fighting
 * Level 10.2 Long Blades
 + Level 7.6 Armour
 - Level 2.6 Shields


You had 8 spell levels left.
You didn't know any spells.

Dungeon Overview and Level Annotations

Branches:
Dungeon (11/15)            Temple (0/1) D:6             Orc (0/2) D:11
   Lair: D:8-11

Shops:
D:4 }   D:9 }

Portals:
Labyrinth: D:11

Annotations:
D:3 Multipenetrator's ghost, amateur HEAE
D:4 Blork the orc
D:6 Menkaure; Prince Ribbit
D:7 exclusion: upstairs


Innate Abilities, Weirdness & Mutations

You have an increased reservoir of magic. (+10% MP)
((Armour fits poorly on your strangely shaped body.))
You are frail. (-10% HP)
You are somewhat resistant to further mutation.


Message History

The orc priest calls upon Beogh to heal the orc priest.
The orc priest is healed somewhat.
You block the orc's attack.
You block the centaur skeleton's attack.
The centaur hits you but does no damage.
You puncture the orc warrior!
The orc warrior is severely wounded.
You block the centaur skeleton's attack.
The orc hits you but does no damage. You block the orc warrior's attack.
The centaur hits you.
* * * LOW HITPOINT WARNING * * *
The orc priest calls upon Beogh to heal the orc warrior.
The orc warrior is healed somewhat.
Unknown command.
You puncture the orc warrior!
The orc warrior is almost dead.
You block the centaur skeleton's attack.
The centaur hits you but does no damage.
The orc priest calls down the wrath of Beogh upon you.
Beogh smites you!
You die...

.........#,...#######...,,,,+,,,*
####.....#,,...........,,,,**,,,*
#.....#,,,,.......,,,,,,**,,,*
#.....#######...#**#####**,,,*
#....(#....##...##......**,,,*
#.....(.........oY......*,,,,*
#.....#.)..##...##∩.....*,,,,*
#.....#...o#######......*,,,,*
#.....#...o#c♣..........*,,,,*
#.....#....#Zoo.........*,,,,*
#.....#...Yooo.......,..+,,,,*
#....c#..>.#.........,,.*,,,,*
#.....###############*********
*******


You could see an orc warrior, a sky beast, a centaur, 2 orc priests, 2 orcs and
a centaur skeleton.

Vanquished Creatures
  A centaur skeleton (D:11)
  A wraith (D:11)
  A human (D:7)
  A hippogriff (D:7)
  A steam dragon (D:9)
  3 orc warriors
  2 sky beasts
  An ogre (D:6)
  4 centaurs
  A big kobold (D:7)
  2 giant frogs
  3 scorpions
  3 howler monkeys (D:7)
  A crimson imp (D:5)
  2 centaur zombies
  2 hounds
  2 jellies
  An orc priest (D:9)
  6 orc wizards
  A giant frog skeleton (D:7)
  2 iguanas
  4 worker ants
  4 sheep (D:7)
  A worker ant zombie (D:6)
  8 adders
  7 gnolls
  A white imp (D:6)
  An ooze (D:3)
  An adder zombie (D:7)
  An adder skeleton (D:7)
  A worm (D:2)
  2 dart slugs
  5 giant geckos
  37 orcs
  13 bats
  3 giant cockroaches
  5 goblins
  7 hobgoblins
  7 jackals
  7 kobolds
  A quokka (D:9)
  3 ball pythons
  2 giant newts
  2 goblin zombies (D:6)
  A hobgoblin zombie (D:6)
  4 rats
169 creatures vanquished.

Vanquished Creatures (others)
  13 fungi (D:8)
  7 plants (D:8)
20 creatures vanquished.

Grand Total: 189 creatures vanquished

Notes
Turn   | Place    | Note
-------+----------+-------------------------------------------
     0 | D:1      | 4thArraOfDagon the Demigod Fighter began the quest for the Orb.
     0 | D:1      | Reached XP level 1. HP: 18/18 MP: 3/3
    23 | D:2      | Reached skill level 2 in Long Blades
    70 | D:4      | Found Jofior's Gadget Shop.
   108 | D:4      | Noticed Blork the orc
   113 | D:5      | Entered Level 5 of the Dungeon
   150 | D:4      | Got a slimy short sword
   151 | D:4      | Identified the +6 short sword of Chagrin {pain, +Inv Int+2} (You found it on level 4 of the Dungeon)
   167 | D:3      | Reached XP level 2. HP: 19/25 MP: 4/4
   234 | D:1      | Reached XP level 3. HP: 26/30 MP: 5/5
   424 | D:2      | Found a hazy altar of Hepliaklqana.
   429 | D:2      | Found a bloodstained altar of Trog.
   490 | D:3      | Noticed Multipenetrator's ghost (amateur HEAE)
   568 | D:3      | Reached skill level 3 in Long Blades
   614 | D:3      | Reached XP level 4. HP: 13/38 MP: 6/6
   673 | D:3      | Found a shattered altar of Ashenzari.
   690 | D:3      | HP: 2/57 [bat (1)]
   855 | D:4      | Reached XP level 5. HP: 27/45 MP: 7/7
   918 | D:4      | Found a shimmering altar of Xom.
   921 | D:4      | Found a shimmering altar of Xom.
   929 | D:4      | Reached skill level 4 in Long Blades
  1154 | D:5      | Gained mutation: You are frail. (-10% HP) [potion of mutation]
  1154 | D:5      | Gained mutation: You are agile. (Dex +2) [potion of mutation]
  1154 | D:5      | Gained mutation: You are somewhat resistant to further mutation. [potion of mutation]
  1205 | D:5      | Noticed a centaur
  1217 | D:5      | Killed a centaur
  1217 | D:5      | Reached XP level 6. HP: 28/45 MP: 8/8
  1275 | D:6      | Noticed Prince Ribbit
  1400 | D:5      | Reached skill level 5 in Long Blades
  1446 | D:6      | Found a glowing golden altar of the Shining One.
  1459 | D:6      | Got an encrusted scale mail
  1507 | D:6      | Identified the +2 scale mail of Dishonour {Int+4 Stlth+} (You found it on level 6 of the Dungeon)
  1669 | D:6      | Found a staircase to the Ecumenical Temple.
  1753 | D:7      | Noticed a hippogriff
  1758 | D:7      | Killed a hippogriff
  1758 | D:7      | Reached skill level 6 in Long Blades
  1758 | D:7      | Reached skill level 5 in Armour
  1758 | D:7      | Reached XP level 7. HP: 34/51 MP: 9/9
  2016 | D:7      | Noticed a human
  2044 | D:7      | Killed a human
  2044 | D:7      | Reached skill level 7 in Long Blades
  2191 | D:7      | Reached XP level 8. HP: 44/56 MP: 10/10
  2197 | D:7      | Gained mutation: Armour fits poorly on your strangely shaped body. [mutagenic meat]
  2206 | D:7      | Lost mutation: You are agile. (Dex +2) [mutagenic meat]
  2301 | D:6      | Noticed Menkaure
  2373 | D:7      | jacquesderrida: ooooo
  2380 | D:7      | jacquesderrida: dagin and heni reni
  2396 | D:7      | jacquesderrida: and anons
  2419 | D:7      | jacquesderrida: watching us all showering
  2440 | D:7      | Reached skill level 8 in Long Blades
  3153 | D:9      | Got a pair of shimmering gloves
  3164 | D:9      | Identified the +1 pair of gloves of Foqiseth {Str+3 Dex+3} (You found it on level 9 of the Dungeon)
  3164 | D:9      | :(]
  3214 | D:9      | Found Ratogoof's Gadget Shop.
  3265 | D:9      | Reached skill level 9 in Long Blades
  3276 | D:9      | Found a blossoming altar of Fedhas.
  3494 | D:9      | Reached XP level 9. HP: 62/62 MP: 8/11
  3551 | D:10     | Entered Level 10 of the Dungeon
  3654 | D:11     | Identified a scroll of acquirement
  3655 | D:11     | :D
  3837 | D:11     | Reached skill level 10 in Long Blades
  3908 | D:11     | Found a labyrinth entrance.
  3929 | D:11     | Killed from afar by an orc priest

Vault maps used:
D:1:      roderic_octagonal_star
D:2:      gammafunk_temple_overflow_statue, minmay_misc_feat_cross
D:3:      lemuel_round_altar
D:4:      xom_redecorated, first_bread, serial_shops, kennysheep_little_box,
          uniq_blork_the_orc
D:5:      mumra_transporter_accident
D:6:      nicolae_tso_besieged_by_evil, uniq_menkaure, uniq_sigmund,
          uniq_crazy_yiuf_cottage, uniq_prince_ribbit1
D:7:      minmay_flawed_box, grunt_livestock
D:8:      grunt_lair_entry_orc_guard_hut, grunt_ministairs_10
D:9:      fedhas_altar_2, serial_shops, nicolae_shop_waterfront,
          hangedman_tell_no_tales, uniq_grum
D:10:     serial_shops, nicolae_shop_behind_doors
D:11:     hiddenorc1_lemuel, lab_entry_generic

Skill      XL: |  1  2  3  4  5  6  7  8  9 |
---------------+----------------------------+-----
Long Blades    | 2 3 4 6 7 9 10 | 10.2
Armour         | 3 4 5 7 |  7.6
Fighting       | 3 |  3.0
Shields        | |  2.6

Action                   |  1- 3 |  4- 6 |  7- 9 || total
-------------------------+-------+-------+-------++-------
Melee: Long sword        |    11 |       |     4 ||    15
       Short sword       |    58 |   113 |   338 ||   509
 Abil: Evoke Invisibilit |     2 |     2 |     3 ||     7
       Turn Visible      |     1 |       |       ||     1
Evoke: Wand              |     1 |     7 |    20 ||    28
  Use: Potion            |     2 |     2 |     4 ||     8
       Scroll            |       |    10 |     7 ||    17
 Stab: Invisible         |     1 |     4 |     9 ||    14
       Distracted        |       |     1 |       ||     1
       Paralysed         |       |       |     7 ||     7
  Eat: Chunk             |       |     4 |    11 ||    15
       Royal jelly       |       |     1 |     1 ||     2
       Fruit             |       |       |     3 ||     3
Armor: Scale mail        |    21 |    13 |   109 ||   143
       Ring mail         |       |    20 |       ||    20
       Skin              |       |       |    29 ||    29
Dodge: Dodged            |     8 |    33 |    83 ||   124
Block: Shield            |    32 |    44 |   160 ||   236
